 Seeded DCSS version 0.30-a0-956-gcec3b41aec (webtiles) character file.

Game seed: 13137397067068997422 (custom seed)

2567 mistaj the Trooper (level 9, -5/51 HPs)
             Began as a Vine Stalker Fighter on Mar 30, 2023.
             Was a Follower of Okawaru.
             Shot with an arrow by a centaur (10 damage)
             ... on level 6 of the Dungeon.
             The game lasted 00:08:19 (5843 turns).

mistaj the Trooper (Vine Stalker Fighter)           Turns: 5843, Time: 00:08:20

Health: -5/51      AC:  9    Str: 23    XL:     9   Next: 57%
Magic:  0/10       EV: 10    Int:  6    God:    Okawaru [*.....]
Gold:   385        SH: 10    Dex: 14    Spells: 8/8 levels left

rFire   + + +      SeeInvis .    a - +0 war axe
rCold   + + .      Faith    .    m - +0 buckler of the Sky {rF++ rC++ Int-2}
rNeg    + + .      Spirit   +    w - +1 ring mail {rF+}
rPois   .          Reflect  +    (no helmet)
rElec   +          Rampage  .    g - +1 cloak "Xelages" {Stlth+}
rCorr   .                        (no gloves)
Will    +....                    j - +0 pair of boots
Stlth   ++                       o - amulet of reflection
HPRegen 1.08/turn                q - ring of Vuwucvoe {rElec rN+}
MPRegen 0.12/turn                z - ring of positive energy

@: no status effects
A: fangs 3, regeneration 1, magic shield, antimagic bite, no potion heal 2
a: Renounce Religion, Heroism


You were on level 6 of the Dungeon.
You worshipped Okawaru.
Okawaru was aware of your devotion.
You visited 2 branches of the dungeon, and saw 7 of its levels.
You also visited: Sewer.

You collected 385 gold pieces.

Inventory:

Hand Weapons
 a - a +0 war axe (weapon)
 r - a +1 heavy mace
Armour
 g - the +1 cloak "Xelages" (worn) {Stlth+}
   (You acquired it on level 1 of the Dungeon)

   Stlth:     It makes you more stealthy.
 j - a +0 pair of boots (worn)
 m - the +0 buckler of the Sky (worn) {rF++ rC++ Int-2}
   (You acquired it on level 3 of the Dungeon)

   Int:       It affects your intelligence (-2).
   rF:        It greatly protects you from fire.
   rC:        It greatly protects you from cold.
 w - a +1 ring mail of fire resistance (worn)
 A - a +1 ring mail of cold resistance
Jewellery
 o - an amulet of reflection (around neck)
 q - the ring of Vuwucvoe (left hand) {rElec rN+}
   (You acquired it on level 4 of the Dungeon)

   [ring of positive energy]

   rElec:     It insulates you from electricity.
   rN:        It protects you from negative energy.
 z - a ring of positive energy (right hand)
Wands
 y - a wand of paralysis (4)
Scrolls
 b - a scroll of torment {unknown}
 c - 2 scrolls of magic mapping {unknown}
 e - 4 scrolls of identify
 k - 3 scrolls of vulnerability {unknown}
 l - 2 scrolls of teleportation {unknown}
 n - a scroll of poison {unknown}
 p - a scroll of silence {unknown}
 v - 4 scrolls of enchant armour {unknown}
 x - 2 scrolls of fog {unknown}
Potions
 d - 5 potions of might
 f - a potion of cancellation
 h - 6 potions of curing
 i - 4 potions of mutation
 s - 2 potions of brilliance
 t - a potion of berserk rage {unknown}
 u - 2 potions of haste


   Skills:
 + Level 7.9 Fighting
 + Level 7.6 Axes
 - Level 2.4 Armour
 - Level 5.7 Shields


You had 8 spell levels left.
You didn't know any spells.
Your spell library contained the following spells:

 Spells                   Type           Power      Damage    Failure   Level
 Freeze                   Ice            0%         1d3       69%         1
 Frozen Ramparts          Ice            0%         1d1       96%         3
 Hailstorm                Conj/Ice       0%         3d3       96%         3
 Yara's Violent Unravell  Hex/Tmut       0%         3d3       100%        5
 Enfeeble                 Hex            0%         N/A       100%        7
 Chain Lightning          Conj/Air       0%         N/A       100%        9
 Fire Storm               Conj/Fire      0%         5d1       100%        9
 Shatter                  Erth           0%         3d5*      100%        9


Dungeon Overview and Level Annotations

Branches:
Dungeon (6/15)             Temple (1/1) D:5           Sewer (visited)

Altars:
Ashenzari
Cheibriados
Dithmenos
Elyvilon
Fedhas
Gozag
Hepliaklqana
Nemelex Xobeh
Okawaru
Qazlal
Ru
Sif Muna
Uskayaw
Wu Jian
Zin

Shops:
D:5 *


Innate Abilities, Weirdness & Mutations

You have razor-sharp teeth.
Your natural rate of healing is unusually fast.
When hurt, damage is shared between your health and your magic reserves.
Your bite disrupts and absorbs the magic of your enemies.
Potions cannot restore your health.


Message History

The centaur wields a +1 shortbow of electrocution.
You hear the crackle of electricity.
The centaur shoots an arrow.
You reflect the arrow off an invisible shield around you!
The arrow barely misses the centaur.
A centaur comes into view.
The centaur shoots an arrow.
The arrow hits you!
The centaur shoots an arrow.
You reflect the arrow off an invisible shield around you!
The arrow hits the centaur!
The centaur wields a +0 shortbow.
The centaur shoots an arrow.
The arrow hits you.
The centaur wields a +0 shortbow.
The centaur shoots an arrow.
The arrow closely misses you.
The centaur shoots an arrow.
You reflect the arrow off an invisible shield around you!
The arrow hits the centaur!
The centaur shoots an arrow.
You reflect the arrow off an invisible shield around you!
The arrow barely misses the centaur.
The centaur shoots an arrow.
The arrow hits you.
The centaur shoots an arrow.
You reflect the arrow off an invisible shield around you!
The arrow hits the centaur!
The centaur shoots an arrow.
The arrow hits you.
The centaur shoots an arrow.
The arrow barely misses you.
The centaur shoots an arrow.
The arrow hits you.
The centaur shoots an arrow.
The arrow hits you.
The centaur shoots an arrow.
The arrow hits you.
The centaur shoots an arrow.
You reflect the arrow off an invisible shield around you!
The arrow barely misses the centaur.
The centaur shoots an arrow.
The arrow hits you!
The centaur shoots an arrow.
The arrow barely misses you.
The centaur shoots an arrow.
The arrow hits you.
* * * LOW HITPOINT WARNING * * *
The centaur shoots an arrow.
The arrow hits you.
* * * LOW HITPOINT WARNING * * *
The centaur shoots an arrow.
The arrow hits you.
* * * LOW HITPOINT WARNING * * *
The centaur shoots an arrow.
The arrow hits you.
* * * LOW HITPOINT WARNING * * *
The centaur shoots an arrow.
You reflect the arrow off an invisible shield around you!
The arrow hits the centaur!
The centaur shoots an arrow.
The arrow hits you!
You die...

#.......# ≈≈≈≈≈
#######.# ≈≈.c≈
#.# #≈≈≈≈. #.#
≈≈≈≈.# #.#
≈≈≈..## #.##
##≈≈≈...##
#..###≈≈≈≈c...#
##..##≈≈≈≈≈c..#'
##.@.≈≈≈≈≈c....
###.≈≈≈≈≈≈c...
#.≈≈≈≈≈≈≈≈..
#..≈≈≈≈≈≈≈≈≈
##...#≈≈≈≈≈≈
##.....#≈
#######


You could see 3 centaurs.

Vanquished Creatures
  Eustachio (D:4)
  Duvessa (D:4)
  A water moccasin (D:6)
  A sky beast (D:6)
  3 black bears
  2 ogres
  A centaur (D:5)
  2 phantoms (D:6)
  Blork the orc (D:4)
  4 bullfrogs
  2 scorpions
  5 wights
  Dowan (D:4)
  A howler monkey (D:6)
  An orc priest (D:4)
  A hound (D:5)
  2 jellies
  A sleepcap (D:6)
  An iguana (D:5)
  Terence (D:3)
  2 orc wizards
  8 gnolls
  10 adders
  6 river rats (Sewer)
  A shadow imp (D:6)
  A white imp (D:5)
  4 worms
  5 dart slugs
  9 orcs
  6 endoplasms
  8 giant cockroaches
  6 goblins
  7 hobgoblins
  3 quokkas
  18 ball pythons
  6 bats
  4 frilled lizards
  12 kobolds
  34 rats
183 creatures vanquished.

Vanquished Creatures (others)
  Sigmund (D:4)
  6 demonic plants (D:3)
  3 fungi (D:3)
  10 plants (D:3)
  A withered plant (D:3)
21 creatures vanquished.

Grand Total: 204 creatures vanquished

Notes
Turn   | Place    | Note
-------+----------+-------------------------------------------
     0 | D:1      | mistaj the Vine Stalker Fighter began the quest for the
                  | Orb.
     0 | D:1      | Reached XP level 1. HP: 11/11 MP: 2/2
   111 | D:1      | Reached XP level 2. HP: 13/16 MP: 1/3
   322 | D:1      | Identified a scroll of acquirement
   322 | D:1      | Acquired the +1 cloak "Xelages" {Stlth+}
   398 | D:1      | Reached XP level 3. HP: 20/20 MP: 4/4
   613 | D:2      | Found Xexamnid's Weapon Shoppe.
   878 | D:2      | Gained mutation: Your natural rate of healing is unusually
                  | fast. [Vine Stalker growth]
   878 | D:2      | Reached XP level 4. HP: 23/24 MP: 5/5
  1147 | D:3      | Acquired the +0 buckler of the Sky {rF++ rC++ Int-2}
  1267 | D:3      | Found a faded altar of an unknown god.
  1331 | D:3      | Found an ornate altar of the Wu Jian Council.
  1645 | D:3      | Noticed Terence
  1657 | D:3      | Killed Terence
  1658 | D:3      | Reached XP level 5. HP: 22/29 MP: 2/6
  1760 | D:3      | Found a broken altar of Ashenzari.
  2339 | D:4      | Noticed Eustachio
  2407 | D:4      | Killed Eustachio
  2408 | D:4      | Reached XP level 6. HP: 33/33 MP: 7/7
  2509 | D:4      | Noticed a black bear
  2514 | D:4      | Killed a black bear
  2515 | D:4      | Reached XP level 7. HP: 35/38 MP: 6/8
  2676 | D:4      | Noticed Duvessa
  2676 | D:4      | Noticed Sigmund
  2678 | D:4      | Noticed Dowan
  2692 | D:4      | Killed Duvessa
  2703 | D:4      | Killed Sigmund
  2708 | D:4      | Killed Dowan
  2709 | D:4      | Reached skill level 5 in Fighting
  2709 | D:4      | Reached skill level 5 in Shields
  2771 | D:4      | Found a glowing silver altar of Zin.
  2884 | D:4      | Acquired the ring of Vuwucvoe {rElec rN+}
  2926 | D:4      | Found an opulent altar of Gozag.
  2945 | D:4      | Gained mutation: You have razor-sharp teeth. [Vine Stalker
                  | growth]
  2945 | D:4      | Reached XP level 8. HP: 43/43 MP: 9/9
  3184 | D:4      | Noticed Blork the orc
  3191 | D:4      | Killed Blork the orc
  3192 | D:4      | Reached skill level 5 in Axes
  3219 | D:4      | Found a snail-covered altar of Cheibriados.
  3420 | D:5      | Entered Level 5 of the Dungeon
  3488 | D:5      | Found a glowing drain.
  3506 | Sewer    | Entered a sewer
  4176 | D:5      | Found a staircase to the Ecumenical Temple.
  4185 | Temple   | Entered the Ecumenical Temple
  4199 | Temple   | Became a worshipper of Warmaster Okawaru
  4745 | D:5      | Found Fattoqam's Elemental Accessories.
  4864 | D:5      | Reached XP level 9. HP: 43/49 MP: 8/10
  4892 | D:6      | Reached * piety under Okawaru
  5648 | D:6      | Found a shadowy altar of Dithmenos.
  5843 | D:6      | Shot with an arrow by a centaur

Illustrated notes

Levels and vault maps discovered:
D:1:      dpeg_arrival_long_road, layout_basic
D:2:      layout_rooms, serial_shops, nicolae_shop_bloodbath_and_beyond
D:3:      layout_loops_corners, lemuel_round_altar,
          mainiacjoe_overflow_alcove_4, shapermc_ecumenical_altar_gd,
          minmay_misc_feat_roman, uniq_terence
D:4:      cheibrodos_old_hovel, layout_basic, kennysheep_mini,
          nicolae_gozag_cash_rules_everything_around_me, zin_statuary,
          uniq_eustachio, uniq_duvessa, uniq_blork_the_orc, uniq_sigmund
D:5:      layout_basic, minmay_temple_entry_antechambers, portal_sewer_entry_b,
          nicolae_elemental_shop
D:6:      layout_rooms, grunt_dithmenos_shadows, centaur_isle
Temple:   chequers_temple_sunken

Skill      XL: |  1  2  3  4  5  6  7  8  9 |
---------------+----------------------------+-----
Axes           | 2 3 4 6 7 |  7.6
Fighting       | 3 4 5 6 7 |  7.9
Shields        | 3 4 5 |  5.7
Armour         | |  2.4

Action                     |  1- 3 |  4- 6 |  7- 9 || total
---------------------------+-------+-------+-------++-------
  Melee: War axe           |    87 |   133 |   274 ||   494
         Bite              |    18 |    29 |    69 ||   116
    Use: Scroll            |     1 |     1 |     6 ||     8
 Armour: Scale mail        |    50 |    94 |    59 ||   203
         Ring mail         |       |       |    61 ||    61
  Dodge: Dodged            |    43 |    68 |   124 ||   235
  Block: Buckler           |    25 |    71 |   185 ||   281
         Reflection        |       |       |    10 ||    10

Table legend: (Time is in decaauts)
 A = Elapsed time spent in this place.
 B = Non-inter-level travel time spent in this place.
 C = Inter-level travel time spent in this place.
 D = Time resting spent in this place.
 E = Time spent auto-exploring this place.
 F = Levels seen in this place.
 G = Mean time per level.
                   A        B        C        D        E       F      G
               +--------+--------+--------+--------+--------+-----+--------+
         Total |   6091 |   5935 |    156 |    876 |   3532 |   8 |  761.4 |
       Dungeon |   5360 |   5250 |    110 |    776 |   3200 |   6 |  893.3 |
        Temple |    263 |    217 |     46 |      0 |    197 |   1 |  263.0 |
         Sewer |    466 |    466 |      0 |    100 |    134 |   1 |  466.0 |
               +--------+--------+--------+--------+--------+-----+--------+

Top non-repeatable levels by time:
     D:4: 1262 daAuts
     D:5: 1144 daAuts
     D:3: 1125 daAuts
     D:6: 658 daAuts
     D:1: 631 daAuts
     D:2: 539 daAuts
   Sewer: 466 daAuts
  Temple: 263 daAuts
